 Dungeon Crawl Stone Soup version 0.29-a0-563-g64e4043184 (webtiles) character file.

Game seed: 5336223627522031331

71 Patoropollo the Covered (level 4, 0/40 HPs)
             Began as a Meteoran Fighter on June 11, 2022.
             Slain by a gnoll
             ... wielding a +0 halberd
              (4 damage)
             ... on level 2 of the Dungeon.
             The game lasted 00:02:35 (1025 turns).

Patoropollo the Covered (Meteoran Fighter)          Turns: 1025, Time: 00:02:36

Health: 0/40       AC:  8    Str: 19    XL:     4   Next: 75%
Magic:  5/5        EV:  9    Int:  9    God:
Gold:   76         SH:  5    Dex: 14    Spells: 3/3 levels left

rFire   . . .      SeeInvis .   a - +0 flail
rCold   . . .      Faith    .   c - +0 buckler
rNeg    . . .      Spirit   .   b - +0 scale mail
rPois   .          Reflect  .   g - +0 helmet
rElec   .          Harm     .   (no cloak)
rCorr   .          Rampage  .   (no gloves)
Will    .....                   (no boots)
Stlth   ..........              (no amulet)
HPRegen 0.13/turn               (no ring)
MPRegen 0.09/turn               (no ring)

@: glowing
A: sense surroundings 1, otherworldly, glowing, explore regen
a: no special abilities


You were on level 2 of the Dungeon.
You visited 1 branch of the dungeon, and saw 3 of its levels.

You collected 76 gold pieces.

Inventory:

Hand Weapons
 a - a +0 flail (weapon)
Armour
 b - a +0 scale mail (worn)
 c - a +0 buckler (worn)
 g - a +0 helmet (worn)
Jewellery
 k - a +6 ring of strength
Scrolls
 e - 2 scrolls of immolation {unknown}
 f - 2 scrolls of identify {unknown}
 h - a scroll of amnesia {unknown}
Potions
 d - a potion of might
 i - a potion of cancellation {unknown}
 j - 2 potions of flight {unknown}


   Skills:
 + Level 3.9 Fighting
 + Level 3.6 Maces & Flails
 + Level 4.3 Armour
 + Level 4.3 Shields


You had 3 spell levels left.
You didn't know any spells.
Your spell library was empty.

Dungeon Overview and Level Annotations

Branches:
Dungeon (3/15)

Altars:


Innate Abilities, Weirdness & Mutations

You passively map a small area around you.
You are easily found by Zot.
You glow in the dark.
You regain HP and MP as you explore.


Message History

A gnoll comes into view. It is wielding a +0 halberd.
The gnoll hits you with a +0 club. The gnoll hits you but does no damage.
You hit the gnoll but do no damage.
The gnoll is severely wounded.
A bat comes into view.
The gnoll hits you but does no damage.
You completely miss the gnoll.
The gnoll is severely wounded.
The gnoll closely misses you. You block the bat's attack.
You thump the gnoll!
You kill the gnoll!
The bat hits you but does no damage.
The gnoll hits you but does no damage. x2
The gnoll hits you from afar with a +0 spear.
The bat hits you but does no damage. You block the gnoll's attack.
The gnoll barely misses you.
You sock the gnoll!
You kill the gnoll!
You block the bat's attack. The gnoll hits you but does no damage.
The gnoll completely misses you.
You barely miss the bat. You block the bat's attack. The bat barely misses you.
The gnoll hits you from afar with a +0 halberd.
The gnoll hits you from afar with a +0 spear.
You block the bat's attack.
You miss the bat. The bat hits you but does no damage. x2
The gnoll hits you from afar with a +0 halberd.
The gnoll hits you but does no damage.
You closely miss the bat. The bat hits you but does no damage.
The gnoll barely misses you. The gnoll hits you but does no damage.
You closely miss the bat. The bat closely misses you.
The gnoll hits you from afar with a +0 halberd.
The gnoll hits you from afar with a +0 spear.
* * * LOW HITPOINT WARNING * * *
The bat barely misses you.
The gnoll hits you from afar with a +0 spear.
* * * LOW HITPOINT WARNING * * *
You block the gnoll's attack. The bat barely misses you. The bat hits you.
* * * LOW HITPOINT WARNING * * *
The gnoll hits you with a +0 halberd.
You die...

#..#..###.##
##.#.## #.# * *
#....###.## *
#.....#.# **, >
*#.#.##<.# *, *
* ...#.###.# ,,
#####.# #†###
*.# * * #.#
#...####..# , ,
, #.#*#<.b.@g..#
,
........).g...#
* **
#.###..#######.#
* #..# * * #..#
* * * * #... ,
##.# , * * * * ,


You could see 2 gnolls and a bat.

Vanquished Creatures
  2 gnolls (D:2)
  A worm (D:2)
  3 dart slugs
  3 bats (D:1)
  8 endoplasms
  2 giant cockroaches (D:2)
  3 goblins (D:1)
  6 hobgoblins
  A kobold (D:1)
  A quokka (D:1)
  2 ball pythons (D:1)
  A frilled lizard (D:1)
  8 rats
41 creatures vanquished.

Notes
Turn   | Place    | Note
-------+----------+-------------------------------------------
     0 | D:1      | Patoropollo the Meteoran Fighter began the quest for the
                  | Orb.
     0 | D:1      | Reached XP level 1. HP: 19/19 MP: 2/2
    91 | D:1      | Reached XP level 2. HP: 22/26 MP: 3/3
   286 | D:1      | Reached XP level 3. HP: 31/31 MP: 4/4
   638 | D:1      | Found a faded altar of an unknown god.
   907 | D:2      | Reached XP level 4. HP: 39/40 MP: 5/5
  1025 | D:2      | Slain by a gnoll

Illustrated notes

Levels and vault maps discovered:
D:1:      dpeg_arrival_tiny_j, layout_basic,
          hellmonk_ecumenical_altar_inner_sanctum, palyth_stone_intersect
D:2:      layout_loops_ring
D:3:      layout_basic, portal_sewer_entry_a

Skill      XL: |  1  2  3 |
---------------+----------+-----
Maces & Flails | 3 |  3.6
Armour         | 4 |  4.3
Shields        | 4 |  4.3
Fighting       | |  3.9

Action                   |  1- 3 |  4- 6 || total
-------------------------+-------+-------++-------
Melee: Flail             |   107 |    31 ||   138
Armor: Scale mail        |    43 |    22 ||    65
Dodge: Dodged            |    33 |    11 ||    44
Block: Buckler           |    27 |    10 ||    37

Table legend: (Time is in decaauts)
 A = Elapsed time spent in this place.
 B = Non-inter-level travel time spent in this place.
 C = Inter-level travel time spent in this place.
 D = Time resting spent in this place.
 E = Time spent auto-exploring this place.
 F = Levels seen in this place.
 G = Mean time per level.
                   A        B        C        D        E       F      G
               +--------+--------+--------+--------+--------+-----+--------+
         Total |   1065 |   1035 |     30 |      0 |    691 |   3 |  355.0 |
       Dungeon |   1065 |   1035 |     30 |      0 |    691 |   3 |  355.0 |
               +--------+--------+--------+--------+--------+-----+--------+

Top non-repeatable levels by time:
     D:1: 783 daAuts
     D:2: 279 daAuts
     D:3: 1 daAuts
